 Dungeon Crawl Stone Soup version 0.31.0-9-g3a7656b989 (webtiles) character file.

Game seed: 10012409379506459270

970 qw the Skirmisher (level 7, -9/35 HPs)
             Began as a Spriggan Hunter on Feb 2, 2024.
             Mangled by an ogre
             ... wielding a +0 giant spiked club
              (24 damage)
             ... on level 5 of the Dungeon.
             The game lasted 00:00:16 (4124 turns).

qw the Skirmisher (Spriggan Hunter)                 Turns: 4124, Time: 00:00:17

Health: -9/35      AC:  4    Str:  7    XL:     7   Next: 94%
Magic:  8/8        EV: 23    Int: 10    God:
Gold:   312        SH:  0    Dex: 21    Spells: 6/6 levels left

rFire   + . .        a - +1 shortbow
rCold   . . .        (shield currently unavailable)
rNeg    . . .        c - +0 robe
rPois   .            (helmet restricted)
rElec   .            j - +1 cloak
rCorr   .            (gloves unavailable)
SInv    +            (boots unavailable)
Will    ++...        f - amulet of faith
Stlth   ++           k - ring of willpower
HPRegen 0.25/turn    i - ring of protection from fire
MPRegen 0.11/turn

%: faith
@: very quick
A: very small, no large weapons, unfitting armour, see invisible, speed 3
a: no special abilities


You were on level 5 of the Dungeon.
You visited 2 branches of the dungeon, and saw 6 of its levels.

You collected 312 gold pieces.


Innate Abilities, Weirdness & Mutations

You are very small and have problems with some larger weapons.
You are too small for most types of armour.
You have supernaturally acute eyesight. (SInv)
You cover ground extremely quickly. (Speed+++)


   Skills:
 + Level 2.1 Fighting
 - Level 8.0 Ranged Weapons
 - Level 8.0 Dodging
 - Level 1.5 Stealth


You had 6 spell levels left.
You didn't know any spells.
Your spell library was empty.

Inventory:

Hand Weapons
 a - a +1 shortbow (weapon)
Armour
 c - a +0 robe (worn)
 j - a +1 cloak (worn)
Jewellery
 b - a ring of fire
 f - an amulet of faith (around neck)
 i - a ring of protection from fire (right hand)
 k - a ring of willpower (left hand)
Scrolls
 e - a scroll of poison {unknown}
Potions
 d - 2 potions of heal wounds
 h - a potion of enlightenment
 m - a potion of curing {unknown}

Dungeon Overview and Level Annotations

Branches:
Dungeon (5/15)             Temple (1/1) D:5

Altars:
Ashenzari
Dithmenos
Elyvilon
Fedhas
Gozag
Nemelex Xobeh
Qazlal
Ru
Uskayaw
Vehumet
Wu Jian
Zin
The Shining One

Annotations:
D:2 Natasha


Message History

The sleepcap is heavily damaged.
You shoot an arrow. The arrow hits the sleepcap.
The sleepcap is heavily damaged.
You shoot an arrow. The arrow hits the sleepcap.
The sleepcap is severely damaged.
The sleepcap completely misses you.
You shoot an arrow.
The arrow hits the sleepcap but does no damage.
The sleepcap is severely damaged.
The sleepcap releases spores at you.
You shoot an arrow. The arrow hits the sleepcap!
The sleepcap is almost destroyed.
The sleepcap closely misses you.
You shoot an arrow. The arrow hits the sleepcap!
You destroy the sleepcap!
Your Dodging skill increases to level 8!
You start resting.
HP restored.
Found a potion of berserk rage.
Found a stone staircase leading up.
Enter note:
Enter note:
Enter note: An ogre comes into view. It is wielding a +0 giant spiked club.
You shoot an arrow.
The arrow hits the ogre but does no damage.
You shoot an arrow. The arrow hits the ogre.
The ogre is lightly wounded.
You shoot an arrow. The arrow hits the ogre.
The ogre is lightly wounded.
The ogre completely misses you.
You shoot an arrow. The arrow barely misses the ogre.
You shoot an arrow. The arrow hits the ogre!
The ogre is heavily wounded.
The ogre hits you with a +0 giant spiked club!!
Ouch! That really hurt!
You shoot an arrow. The arrow barely misses the ogre.
The ogre hits you with a +0 giant spiked club!!
Ouch! That really hurt!
You die...

##### ########
##...##############
.......#
#..................
######.#
#..........########
#.# #......###.# #
#.# ##...#.# #.# #
###.#####..#...#
#.# #
####.........###..#
#.# #
..............#.@.#
#.# #
####<.....###...#O#
#.# #
#.#.##.###.###.#
#.# ##### #
#.#.##.##...##.#
#.#######.... #
#.#...##.....###
#.......<.### #
#.#####.......#
########### # #
#....##.......## #
# #.####.........#
#
####.####.........#
#


You could see an ogre.

Vanquished Creatures
  Sigmund (D:3)
  A black bear (D:5)
  An ogre (D:5)
  A phantom (D:4)
  A gnoll sergeant (D:5)
  A scorpion (D:5)
  A howler monkey (D:5)
  A jelly (D:5)
  2 hounds
  A sleepcap (D:5)
  Jessica (D:2)
  Terence (D:2)
  An iguana (D:5)
  Natasha (D:2)
  2 orc wizards (D:4)
  Robin (D:3)
  5 adders
  2 ufetubi (D:5)
  2 dart slugs
  2 ribbon worms (D:2)
  2 orcs (D:4)
  6 endoplasms
  5 giant cockroaches
  12 goblins
  8 hobgoblins
  2 quokkas
  8 ball pythons
  6 bats
  4 frilled lizards
  11 kobolds
  5 rats
98 creatures vanquished.

Notes
Turn   | Place    | Note
-------+----------+-------------------------------------------
     0 | D:1      | qw the Spriggan Hunter began the quest for the Orb.
     0 | D:1      | Reached XP level 1. HP: 10/10 MP: 2/2
     0 | D:1      | 0 ||| qw: Version: 0.3-a-155-g5e7d8dd
     0 | D:1      | 0 ||| qw: Game counter: 698
     0 | D:1      | 0 ||| qw: Melee chars always use a shield: true
     0 | D:1      | 0 ||| qw: God list: Okawaru
     0 | D:1      | 0 ||| qw: Allow faded altars: false
     0 | D:1      | 0 ||| qw: Do Orc after clearing Dungeon:15 true
     0 | D:1      | 0 ||| qw: Do second Lair branch before Depths: true
     0 | D:1      | 0 ||| qw: Lair rune preference: random
     0 | D:1      | 0 ||| qw: Goals: Normal
     0 | D:1      | 0 ||| PLANNING D:1-11
   118 | D:1      | Reached skill level 3 in Dodging
   182 | D:1      | 182 ||| RETREEEEATING.
   186 | D:1      | 186 ||| RETREEEEATING.
   187 | D:1      | 187 ||| RETREEEEATING.
   195 | D:1      | Reached XP level 2. HP: 11/14 MP: 3/3
   628 | D:1      | 628 ||| READING 2 scrolls labelled FOFRYF EGEA.
   729 | D:1      | 729 ||| READING scroll labelled NIQOTO VICVAEZ.
   730 | D:1      | 730 ||| READING 2 scrolls labelled KELUD FUAS.
   730 | D:1      | 730 ||| IDENTIFYING bubbling brown potion
   731 | D:1      | 731 ||| READING scroll of identify.
   731 | D:1      | 731 ||| IDENTIFYING scroll labelled MUDIGREYQE
   732 | D:1      | 732 ||| DROPPING scroll of butterflies.
   733 | D:1      | 733 ||| DROPPING scroll of vulnerability.
   839 | D:2      | Reached XP level 3. HP: 18/18 MP: 4/4
   911 | D:2      | Noticed Jessica
   913 | D:2      | Killed Jessica
   952 | D:2      | Reached XP level 4. HP: 22/22 MP: 5/5
  1107 | D:2      | Noticed Terence
  1109 | D:2      | Noticed Natasha
  1115 | D:2      | Killed Terence
  1119 | D:2      | Killed Natasha
  1318 | D:2      | Reached XP level 5. HP: 26/26 MP: 6/6
  1548 | D:2      | Noticed Natasha
  1561 | D:2      | 1561 ||| UPGRADING to +0 cloak.
  1566 | D:2      | 1566 ||| READING scroll of enchant armour.
  1566 | D:2      | 1566 ||| ENCHANTING +0 cloak.
  1567 | D:2      | 1567 ||| UPGRADING to amulet of faith.
  1572 | D:2      | 1572 ||| UPGRADING to ring of willpower.
  1573 | D:2      | 1573 ||| READING scroll of identify.
  1573 | D:2      | 1573 ||| IDENTIFYING smoky purple potion
  1691 | D:3      | Identified the +1 leather armour of Cloud Cover {rPois
                  | Dex+4}
  1860 | D:3      | Noticed Sigmund
  1866 | D:3      | Killed Sigmund
  1867 | D:3      | Reached skill level 6 in Ranged Weapons
  1867 | D:3      | Reached XP level 6. HP: 30/30 MP: 7/7
  1997 | D:3      | Found a blossoming altar of Fedhas.
  1997 | D:3      | Found a white marble altar of Elyvilon.
  1997 | D:3      | Found a stormy altar of Qazlal.
  2070 | D:3      | Found a shadowy altar of Dithmenos.
  2080 | D:3      | Noticed Robin
  2083 | D:3      | Killed Robin
  2582 | D:3      | 2582 ||| UPGRADING to ring of protection from fire.
  2583 | D:3      | 2583 ||| READING 2 scrolls of identify.
  2583 | D:3      | 2583 ||| IDENTIFYING black potion
  2584 | D:3      | 2584 ||| READING scroll of identify.
  2584 | D:3      | 2584 ||| IDENTIFYING scroll labelled JEINOFAKIY
  2585 | D:3      | 2585 ||| READING scroll labelled PUFYUTHR EPREDA.
  2585 | D:3      | 2585 ||| ENCHANTING +0 shortbow.
  2586 | D:3      | 2586 ||| READING scroll labelled KYDEG RAIQYCVI.
  2587 | D:3      | 2587 ||| DROPPING potion of berserk rage.
  2588 | D:3      | 2588 ||| DROPPING scroll of silence.
  2724 | D:4      | Found a radiant altar of Vehumet.
  3020 | D:4      | 3020 ||| FLEEEEING.
  3022 | D:4      | 3022 ||| FLEEEEING.
  3023 | D:4      | 3023 ||| FLEEEEING.
  3025 | D:4      | 3025 ||| FLEEEEING.
  3043 | D:4      | Reached skill level 6 in Dodging
  3424 | D:4      | Found a glowing silver altar of Zin.
  3453 | D:4      | 3453 ||| READING scroll of identify.
  3453 | D:4      | 3453 ||| IDENTIFYING lumpy sapphire potion
  3454 | D:4      | 3454 ||| READING scroll labelled DEDGHA FIMYCI.
  3455 | D:4      | 3455 ||| DROPPING potion of ambrosia.
  3486 | D:5      | Entered Level 5 of the Dungeon
  3493 | D:5      | Reached XP level 7. HP: 29/35 MP: 8/8
  3551 | D:5      | Found a staircase to the Ecumenical Temple.
  3552 | D:5      | 3552 ||| PLANNING TEMPLE
  3557 | Temple   | Entered the Ecumenical Temple
  3558 | Temple   | 3558 ||| PLANNING D:1-11
  4124 | D:5      | Mangled by an ogre

Levels and vault maps discovered:
D:1:      psy_arrival_dodecagon, layout_basic
D:2:      minmay_wonky_spiral, layout_loops_cross, uniq_jessica, uniq_natasha,
          uniq_terence
D:3:      layout_basic, nicolae_overflow_crystal_walls,
          gammafunk_temple_overflow_forgotten, uniq_robin, uniq_sigmund
D:4:      layout_cave_pods, zin_scriptorium, mainiacjoe_overflow_24_doors
D:5:      kennysheep_spiral_hall, layout_loops_ring, minmay_temple_entry_arrows
Temple:   nicolae_temple_little_seven

Skill      XL: |  1  2  3  4  5  6  7 |
---------------+----------------------+-----
Dodging        | 3 4 5 6 8 |  8.0
Ranged Weapons | 5 6 7 8 |  8.0
Fighting       | 2 |  2.1
Stealth        | |  1.5

Action                     |  1- 3 |  4- 6 |  7- 9 || total
---------------------------+-------+-------+-------++-------
   Fire: Shortbow          |    99 |   174 |    83 ||   356
    Use: Scroll            |     4 |     8 |       ||    12
 Armour: Robe              |    14 |    18 |    12 ||    44
  Dodge: Dodged            |    50 |    51 |    44 ||   145

Table legend:
 A = Non-vault XP
 B = Vault XP
 C = Vault XP percentage of total XP
 D = Non-vault monster count
 E = Vault monster count
 F = Vault count percentage of total count
                 A         B        C        D         E       F
            +---------+---------+-------+---------+---------+-------
      Total |     641 |     746 |  53.8 |      75 |      23 |  23.5
            +---------+---------+-------+---------+---------+-------
        D:1 |      38 |       0 |   0.0 |      25 |       0 |   0.0
        D:2 |      61 |     118 |  65.9 |      16 |       6 |  27.3
        D:3 |      37 |     250 |  87.1 |      16 |      13 |  44.8
        D:4 |     221 |       0 |   0.0 |       9 |       0 |   0.0
        D:5 |     284 |     378 |  57.1 |       9 |       4 |  30.8
            +---------+---------+-------+---------+---------+-------
